cohdb
Replays
Latest Replays
All Replays
Popular Replays
Top Player Replays
Match Explorer
How It Works
Community
CoH3 Stats
Reddit
Sign in to upload your games and track your stats! →
Sign in with Steam
Match 45515104
Unlisted
Match 45515104
Overview
Messages
Build Orders
End
Kettenkrad Recon Vehicle
Construct Infanterie Kompanie
MG 42 Machine Gun Team
MG 42 Bunker
GrW 34 Mortar Team
GrW 34 Mortar Team
Grenadier Squad
Medical Station
Construct Panzergrenadier Kompanie
MG 42 Bunker
Construct Panzer Kompanie
Stoßtruppen Squad
MG 42 Bunker
Stoßtruppen Squad
Selects Mechanized Battlegroup
Selects Raid Package
Selects StuG Assault Group
Stoßtruppen Squad
Panzer Officer Quarters
MG 42 Bunker
Selects Panther Heavy Tank
Panther Heavy Tank
Handgranaten Herbert
DirtyGrandpa
Big Äl
OldMinewars41
Foofight
Skull Throne
Manstein
Kray-Tos
0
0
Comments
sign in to comment!
No comments posted yet!